[Event "Titled Tuesday Blitz September 27 Early 2022"]
[White "Jiganchine, Roman"]
[Black "Manukian, Artak"]
[WhiteFideId "2603667"]
[BlackFideId "13301373"]
[WhiteElo "2265"]
[BlackElo "2499"]
[Result "0-1"]
[Round "04"]
[TimeControl "180+1"]
[Date "2022.09.27"]
[WhiteClock "0:00:07"]
[BlackClock "0:00:24"]

1. Nf3 g6 2. e4 Bg7 3. d4 c6 4. Nc3 b5 5. Be3 b4 6. Nb1 Nf6 7. Bd3 d5 8. e5 Nfd7 9. Nbd2 e6 10. h4 h5 11. Nf1 a5 12. c3 Qb6 13. Ng3 Ba6 14. O-O Bxd3 15. Qxd3 Qb5 16. Qd2 Nb6 17. b3 bxc3 18. Qxc3 a4 19. Rab1 axb3 20. Rxb3 Qc4 21. Qb2 N6d7 22. Rc1 Qa6 23. a3 O-O 24. Bg5 c5 25. Be7 c4 26. Rb7 Re8 27. Bd6 Bf8 28. Bxf8 Nxf8 29. Rc3 Nc6 30. Rb6 Qa4 31. Kh2 Reb8 32. Ng5 Qa7 33. Rxb8 Rxb8 34. Qd2 Qxd4 35. Qc1 Qxe5 36. f4 Qd4 37. Ne2 Qf6 38. Rf3 Nd4 39. Nxd4 Qxd4 40. f5 exf5 41. Rf4 Qe5 42. Nf3 Qd6 43. Kh1 Ne6 44. Nd4 Qxf4 0-1


[Site "https://www.chess.com"]

[Event "Titled Tuesday Blitz September 27 Early 2022"]
[White "Jobava, Baadur"]
[Black "Milikow, Yoav"]
[WhiteFideId "13601520"]
[BlackFideId "2822237"]
[WhiteElo "2582"]
[BlackElo "2341"]
[Result "0-1"]
[Round "04"]
[TimeControl "180+1"]
[Date "2022.09.27"]
[WhiteClock "0:00:06"]
[BlackClock "0:00:19"]

1. e4 e5 2. Nf3 Nf6 3. Nxe5 d6 4. Nf3 Nxe4 5. d3 Nf6 6. d4 g6 7. Bd3 Bg7 8. O-O O-O 9. c3 c5 10. dxc5 dxc5 11. Bc2 Qc7 12. Na3 Nc6 13. Nb5 Qb6 14. a4 a6 15. Nd6 Be6 16. Qe2 Na5 17. Bf4 Nh5 18. Be5 f6 19. Bg3 Bd5 20. Be4 Bb3 21. Rad1 Nxg3 22. hxg3 Rad8 23. Qd2 Kh8 24. Qd3 f5 25. Bxf5 gxf5 26. Ng5 Qc7 27. Rd2 Be5 28. Qe2 Bxd6 29. Qh5 Qg7 30. Re1 Be7 31. Rxd8 Rxd8 32. Nf3 Bg8 33. Qxf5 Nc6 34. Qf4 Rf8 35. Qc7 Bf6 36. Qb6 Ne5 37. Nd2 Nd3 38. Rf1 Bd8 39. Ne4 Bxb6 0-1


[Site "https://www.chess.com"]

[Event "Titled Tuesday Blitz September 27 Early 2022"]
[White "Johnson, Ben"]
[Black "Bowden, Karl"]
[WhiteFideId "2010917"]
[BlackFideId "400548"]
[WhiteElo "2211"]
[BlackElo "2464"]
[Result "0-1"]
[Round "04"]
[TimeControl "180+1"]
[Date "2022.09.27"]
[WhiteClock "0:00:01"]
[BlackClock "0:00:20"]

1. Nf3 Nf6 2. c4 g6 3. b3 Bg7 4. Bb2 O-O 5. g3 Nc6 6. d4 Rb8 7. d5 Na5 8. Bg2 a6 9. Qd2 c5 10. O-O d6 11. Nc3 b5 12. cxb5 axb5 13. Ng5 b4 14. Nce4 c4 15. Bxf6 exf6 16. Nxh7 Kxh7 17. Qf4 Rb6 18. Rab1 Bf5 19. g4 Bxe4 20. Bxe4 Qe7 21. h4 Qe5 22. Qxe5 fxe5 23. Rfc1 c3 24. h5 Kh6 25. Kg2 f5 26. Bd3 e4 27. Bc2 gxh5 28. Rh1 Kg5 29. Rxh5+ Kxg4 30. Rbh1 Kf4 31. Rh7 Bf6 32. R1h5 Rb7 0-1


[Site "https://www.chess.com"]

[Event "Titled Tuesday Blitz September 27 Early 2022"]
[White "Jones, Daniel"]
[Black "Mirzoev, Azer"]
[WhiteFideId "2019655"]
[BlackFideId "13400304"]
[WhiteElo "2348"]
[BlackElo "2525"]
[Result "0-1"]
[Round "04"]
[TimeControl "180+1"]
[Date "2022.09.27"]
[WhiteClock "0:00:08"]
[BlackClock "0:00:05"]

1. f4 c5 2. e4 d5 3. e5 Nc6 4. Nf3 e6 5. g3 Nh6 6. Bg2 Be7 7. O-O Nf5 8. d3 b6 9. c3 Bb7 10. g4 Nh4 11. Nxh4 Bxh4 12. Be3 Be7 13. d4 Qd7 14. Nd2 cxd4 15. cxd4 O-O-O 16. f5 Kb8 17. a3 h5 18. fxe6 Qxe6 19. g5 f6 20. Nf3 fxe5 21. dxe5 d4 22. Bf4 Rhf8 23. Bg3 d3 24. h4 a5 25. Nd2 Nd4 26. Rxf8 Ne2+ 27. Kh2 Rxf8 28. Ne4 Rd8 29. Qe1 Qg4 30. e6+ Ka7 31. Bc7 Rd4 32. Ng3 Qxh4+ 33. Bh3 Nxg3 34. Qxg3 Qxg3+ 35. Bxg3 d2 36. Rd1 Bf3 37. Rxd2 Rxd2+ 38. Kg1 Rxb2 39. Be5 Rb1+ 40. Kf2 Bg4 41. Bxg4 hxg4 42. Bxg7 Bxg5 43. Kg3 Be7 44. Kxg4 Re1 45. Kf5 Bxa3 46. Bc3 Re2 47. Bd4 Ka6 48. Bf6 a4 49. Bc3 Bc5 50. Bf6 a3 0-1


[Site "https://www.chess.com"]

[Event "Titled Tuesday Blitz September 27 Early 2022"]
[White "Jovic, Stanoje"]
[Black "Harish, Neeraj"]
[WhiteFideId "905020"]
[BlackFideId "30958130"]
[WhiteElo "2238"]
[BlackElo "1574"]
[Result "1-0"]
[Round "04"]
[TimeControl "180+1"]
[Date "2022.09.27"]
[WhiteClock "0:00:30"]
[BlackClock "0:00:06"]

1. c4 Nf6 2. g3 g6 3. Bg2 d5 4. cxd5 Nxd5 5. Nc3 Nxc3 6. bxc3 Bg7 7. Rb1 O-O 8. Rxb7 Bxb7 9. Bxb7 Nd7 10. Bxa8 Qxa8 11. Nf3 e5 12. O-O e4 13. Nd4 c5 14. Nc2 Ne5 15. Ne3 Rd8 16. Qa4 f5 17. Rd1 h5 18. Ba3 Bf8 19. Qa5 Rc8 20. Rb1 Qc6 21. Qb5 Qd6 22. Rb2 a6 23. Qb7 Rc7 24. Qd5+ Qxd5 25. Nxd5 Rc6 26. Rb8 Kf7 27. Rb7+ Ke6 28. Nf4+ Kf6 29. d3 exd3 30. exd3 Bd6 31. Kg2 c4 32. Bxd6 Rxd6 33. d4 Nd3 34. Kf3 Nxf4 35. gxf4 Re6 36. Rc7 Rb6 37. Rxc4 Ke6 38. Rc5 Kd6 39. a4 Rb3 40. Ke3 Ra3 41. a5 Ra2 42. Rc8 Ra1 43. Rg8 Rg1 44. c4 Kc6 45. Rf8 Kc7 46. Rf7+ Kc6 47. Rf6+ Kb7 48. d5 Re1+ 49. Kd4 Rd1+ 50. Kc5 Rg1 51. Rf7+ Kb8 52. Kb6 Kc8 53. Kc6 Kb8 54. d6 Rc1 55. c5 1-0


[Site "https://www.chess.com"]

[Event "Titled Tuesday Blitz September 27 Early 2022"]
[White "Kalajzic, Ivan"]
[Black "Song, Julien"]
[WhiteFideId "14506378"]
[BlackFideId "659487"]
[WhiteElo "2163"]
[BlackElo "2225"]
[Result "0-1"]
[Round "04"]
[TimeControl "180+1"]
[Date "2022.09.27"]
[WhiteClock "0:00:19"]
[BlackClock "0:00:09"]

1. b3 e5 2. Bb2 Nc6 3. e3 Nf6 4. Bb5 e4 5. f3 a6 6. Bxc6 dxc6 7. Nc3 Bf5 8. fxe4 Nxe4 9. Nf3 f6 10. Nd4 Nxc3 11. Bxc3 Bg6 12. O-O Qd7 13. d3 O-O-O 14. Qf3 Bc5 15. Rae1 Rhe8 16. Kh1 Re7 17. Re2 Rde8 18. Rfe1 Qd5 19. Qxd5 cxd5 20. Nf3 Rxe3 21. Rxe3 Rxe3 22. Rxe3 Bxe3 23. Bd4 Bxd4 24. Nxd4 c5 25. Ne6 Kd7 26. Nxc5+ Kc6 27. b4 b6 28. Nxa6 Kb5 29. Nc7+ Kxb4 30. Nxd5+ Kc5 31. Nf4 Bf7 32. a3 Kb5 33. c4+ Kc5 34. Ne2 Bg6 35. Nf4 Kd4 36. a4 Bxd3 37. Ne6+ Kxc4 38. Nxg7 Kb4 39. Nh5 f5 40. Nf4 Be4 41. Kg1 Kxa4 42. Kf2 b5 43. Ke3 b4 44. Kd2 b3 45. Kc1 Ka3 46. Ne2 b2+ 47. Kd2 b1=Q 48. Nc3 Qb2+ 0-1


[Site "https://www.chess.com"]

[Event "Titled Tuesday Blitz September 27 Early 2022"]
[White "Kamsky, Gata"]
[Black "Rosen, Eric"]
[WhiteFideId "2000024"]
[BlackFideId "2032562"]
[WhiteElo "2666"]
[BlackElo "2362"]
[Result "1-0"]
[Round "04"]
[TimeControl "180+1"]
[Date "2022.09.27"]
[WhiteClock "0:00:22"]
[BlackClock "0:00:01"]

1. e4 c5 2. Nc3 Nc6 3. Bc4 e6 4. Nf3 a6 5. a3 Nf6 6. Ba2 Be7 7. O-O O-O 8. d3 Qc7 9. Re1 d6 10. Ne2 b5 11. Ng3 Re8 12. c3 Bb7 13. d4 Na5 14. e5 dxe5 15. dxe5 Rad8 16. Qe2 Nd5 17. Bd2 Bf8 18. Rad1 Ne7 19. h4 c4 20. Bb1 h6 21. Nh5 Nf5 22. Bf4 Rxd1 23. Rxd1 Rd8 24. Bxf5 exf5 25. Nd4 Be4 26. Ng3 Bd3 27. Qf3 Qd7 28. Ndxf5 Qc6 29. Qg4 Qg6 30. Qxg6 fxg6 31. Nd6 Bxd6 32. exd6 Nb7 33. Re1 Nxd6 34. Re6 Nf5 35. Nxf5 Bxf5 36. Rxa6 Rd5 37. Be3 Bc2 38. Bd4 Rd7 39. f3 Ba4 40. Kf2 Kh7 41. Kg3 Rf7 42. Rd6 Rb7 43. Kf4 Rf7+ 44. Ke5 Rf5+ 45. Ke6 Bc2 46. Rd7 Kg8 47. Rxg7+ Kf8 48. Rxg6 Rxf3 49. Bc5+ Ke8 50. Rg8+ Rf8 51. Rxf8# 1-0


[Site "https://www.chess.com"]

[Event "Titled Tuesday Blitz September 27 Early 2022"]
[White "Kevlishvili, Robby"]
[Black "Agasarov, Benik"]
[WhiteFideId "1040634"]
[BlackFideId "13314823"]
[WhiteElo "2585"]
[BlackElo "2152"]
[Result "0-1"]
[Round "04"]
[TimeControl "180+1"]
[Date "2022.09.27"]
[WhiteClock "0:00:05"]
[BlackClock "0:00:05"]

1. e4 e5 2. Nf3 Nc6 3. Bb5 a6 4. Ba4 Nf6 5. d3 b5 6. Bb3 Be7 7. a4 Bb7 8. Nc3 Na5 9. Nxe5 Nxb3 10. cxb3 b4 11. Ne2 d5 12. exd5 Qxd5 13. Nc4 Qxg2 14. Rg1 Qxh2 15. Bf4 Qh5 16. Rxg7 Nd5 17. Be5 O-O-O 18. Qc2 Rhe8 19. O-O-O Bg5+ 20. Kb1 Rxe5 21. Nxe5 Bf6 22. Ng3 Qxe5 23. Rxf7 Kb8 24. Ne4 Qe6 25. Rxh7 Nc3+ 26. bxc3 Bxe4 27. Re1 Rxd3 28. Ka2 Rxc3 29. Qd1 Qc6 30. Re2 Bxh7 0-1


[Site "https://www.chess.com"]

[Event "Titled Tuesday Blitz September 27 Early 2022"]
[White "Kodinets, Konstantin L."]
[Black "Ronka, Erik"]
[WhiteFideId "4122011"]
[BlackFideId "505080"]
[WhiteElo "2447"]
[BlackElo "2264"]
[Result "1-0"]
[Round "04"]
[TimeControl "180+1"]
[Date "2022.09.27"]
[WhiteClock "0:00:43"]
[BlackClock "0:00:30"]

1. d4 d5 2. Nf3 Nf6 3. Bf4 c5 4. e3 cxd4 5. exd4 Nc6 6. c3 Bf5 7. Nbd2 e6 8. Qb3 Qc8 9. h3 h6 10. Be2 Be7 11. O-O O-O 12. a4 Qd7 13. Ne5 Nxe5 14. Bxe5 a6 15. a5 Qc6 16. Rfe1 Nd7 17. Bf4 Bd6 18. Bxd6 Qxd6 19. Qa3 Qc6 20. Rec1 Rfc8 21. b4 Nf6 22. Nb3 Ne4 23. Nc5 e5 24. Qb2 f6 25. Bf3 Rab8 26. Bxe4 dxe4 27. dxe5 b6 28. axb6 Rxb6 29. Qe2 fxe5 30. Rxa6 e3 31. Rxb6 Qxb6 32. Qxe3 e4 33. Re1 Qf6 34. Qg3 Kh7 35. Re3 Rd8 36. Nxe4 Rd1+ 37. Kh2 Qa6 38. Qf3 Rd5 39. Ng3 Be6 40. Qe4+ 1-0


[Site "https://www.chess.com"]

[Event "Titled Tuesday Blitz September 27 Early 2022"]
[White "Kollars, Dmitrij"]
[Black "Zelbel, Patrick"]
[WhiteFideId "12909572"]
[BlackFideId "24624322"]
[WhiteElo "2584"]
[BlackElo "2474"]
[Result "0-1"]
[Round "04"]
[TimeControl "180+1"]
[Date "2022.09.27"]
[WhiteClock "0:00:01"]
[BlackClock "0:00:13"]

1. Nf3 Nf6 2. g3 d5 3. Bg2 c6 4. O-O Bf5 5. d3 e6 6. c4 Bd6 7. Qb3 Qc7 8. Nc3 O-O 9. Be3 Nbd7 10. Rfc1 Qb8 11. cxd5 exd5 12. Bd4 Re8 13. Nh4 Be6 14. Qc2 Be5 15. Bxe5 Qxe5 16. e4 Qh5 17. Ne2 g5 18. Nf3 Bg4 19. Nfd4 dxe4 20. dxe4 c5 21. h3 Bxh3 22. Nb5 Ng4 23. Bf3 Nde5 24. Qc3 Re6 25. Rd1 Rf6 26. Bxg4 Bxg4 27. f4 Nf3+ 0-1


[Site "https://www.chess.com"]

[Event "Titled Tuesday Blitz September 27 Early 2022"]
[White "Koridze, Lile"]
[Black "Seifert, Henryk"]
[WhiteFideId "13612514"]
[BlackFideId "1100963"]
[WhiteElo "2050"]
[BlackElo "2120"]
[Result "1-0"]
[Round "04"]
[TimeControl "180+1"]
[Date "2022.09.27"]
[WhiteClock "0:01:20"]
[BlackClock "0:00:01"]

1. d4 d5 2. c4 c6 3. Nc3 Nf6 4. e3 e6 5. Nf3 Nbd7 6. Bd3 b6 7. O-O Bb7 8. Qe2 Be7 9. e4 dxe4 10. Nxe4 Nxe4 11. Bxe4 Nf6 12. Bc2 O-O 13. b3 c5 14. dxc5 bxc5 15. Rd1 Qc8 16. Bb2 Rd8 17. Ne5 Qc7 18. f3 h6 19. Re1 Nd7 20. Nxf7 Rf8 21. Ne5 Nxe5 22. Bxe5 Qb6 23. Bb2 Bf6 24. Bxf6 Rxf6 25. Rad1 Raf8 26. Qe5 Qc6 27. Rd6 Qc8 28. Rxe6 Rxe6 29. Qxe6+ Qxe6 30. Rxe6 Rd8 31. Kf2 Rd2+ 32. Re2 Rd4 33. Bg6 Rd8 34. Re8+ Rxe8 35. Bxe8 Kf8 36. Bg6 a5 37. Ke3 Ke7 38. Be4 Bc8 39. Kf4 Kf6 40. h4 g5+ 41. hxg5+ hxg5+ 42. Ke3 Ke5 43. g3 Bd7 44. f4+ gxf4+ 45. gxf4+ Kf6 46. a3 Be8 47. Bc2 Bc6 48. Bd1 Bd7 49. Bf3 Bf5 50. Be4 Bh3 51. Kd2 Bg4 52. Kc3 Bd1 53. b4 cxb4+ 54. axb4 axb4+ 55. Kxb4 Ke7 56. Kc5 Be2 57. Kd5 Kf6 58. c5 1-0


[Site "https://www.chess.com"]

[Event "Titled Tuesday Blitz September 27 Early 2022"]
[White "Kosakowski, Jakub"]
[Black "Machidon, Cristi"]
[WhiteFideId "1185080"]
[BlackFideId "13904590"]
[WhiteElo "2453"]
[BlackElo "2312"]
[Result "1-0"]
[Round "04"]
[TimeControl "180+1"]
[Date "2022.09.27"]
[WhiteClock "0:01:21"]
[BlackClock "0:00:10"]

1. c4 c6 2. d4 d5 3. Nf3 Nf6 4. Nbd2 g6 5. e3 Bg7 6. b3 O-O 7. Bb2 Bf5 8. Be2 a5 9. O-O Ne4 10. cxd5 cxd5 11. Nxe4 Bxe4 12. Ne5 Nd7 13. Rc1 Nxe5 14. dxe5 Rc8 15. Qd4 Qd7 16. e6 Bxd4 17. exd7 Rxc1 18. Rxc1 Bb6 19. g4 f6 20. Bd4 Bd8 21. f3 e5 22. Bc5 1-0


[Site "https://www.chess.com"]

[Event "Titled Tuesday Blitz September 27 Early 2022"]
[White "Kostiukov, Alexandr"]
[Black "Aldokhin, Ivan"]
[WhiteFideId "14108100"]
[BlackFideId "24115720"]
[WhiteElo "2202"]
[BlackElo "2243"]
[Result "0-1"]
[Round "04"]
[TimeControl "180+1"]
[Date "2022.09.27"]
[WhiteClock "0:00:04"]
[BlackClock "0:00:11"]

1. g3 h5 2. Nf3 Nc6 3. d4 d6 4. d5 Ne5 5. Nxe5 dxe5 6. h4 g6 7. Bg2 Bg7 8. c4 f5 9. Nc3 Nf6 10. e4 O-O 11. Bg5 Nh7 12. exf5 Nxg5 13. hxg5 Bxf5 14. Be4 e6 15. Qd3 Qxg5 16. dxe6 Rad8 17. Nd5 Rfe8 18. Bxf5 gxf5 19. e7 Rd6 20. Qf3 c6 21. Ne3 f4 22. Rxh5 Qg6 23. gxf4 exf4 24. Nf5 Qg1+ 25. Ke2 Re6+ 26. Kd3 Qxa1 27. Qg4 Qb1+ 28. Kd2 Qxb2+ 29. Kd3 Qc3# 0-1


[Site "https://www.chess.com"]

[Event "Titled Tuesday Blitz September 27 Early 2022"]
[White "Kravtsiv, Martyn"]
[Black "Aliakbarov, Anar"]
[WhiteFideId "14113147"]
[BlackFideId "13401858"]
[WhiteElo "2694"]
[BlackElo "2210"]
[Result "1-0"]
[Round "04"]
[TimeControl "180+1"]
[Date "2022.09.27"]
[WhiteClock "0:01:06"]
[BlackClock "0:00:11"]

1. e4 e5 2. Nf3 Nc6 3. Nc3 Nf6 4. a4 a6 5. d4 exd4 6. Nxd4 Bb4 7. Nxc6 bxc6 8. Bd3 O-O 9. O-O d5 10. Bd2 Bxc3 11. Bxc3 Nxe4 12. Bxe4 dxe4 13. Qe2 Qh4 14. Rad1 Bf5 15. Qc4 Qh6 16. Qc5 Bg4 17. Rd4 Rfe8 18. h3 Bxh3 19. gxh3 Re6 20. Rfd1 Rg6+ 21. Kf1 Qxh3+ 22. Ke1 Rg1+ 23. Kd2 Qh6+ 24. Ke2 Rxd1 25. Rxd1 Qf4 26. Rg1 f6 27. Qe7 Qh6 28. Qxf6 1-0


[Site "https://www.chess.com"]

[Event "Titled Tuesday Blitz September 27 Early 2022"]
[White "Kuchava, Ana"]
[Black "Samarth, J Rao"]
[WhiteFideId "13605348"]
[BlackFideId "46652370"]
[WhiteElo "1955"]
[BlackElo "1514"]
[Result "1-0"]
[Round "04"]
[TimeControl "180+1"]
[Date "2022.09.27"]
[WhiteClock "0:02:29"]
[BlackClock "0:02:26"]

1. d4 d5 2. Nf3 Nf6 3. c4 e6 4. Nc3 c6 5. e3 Bd6 6. Bd3 O-O 7. O-O Ne4 8. Nxe4 dxe4 9. Bxe4 Nd7 10. b3 Nf6 11. Bd3 Qe7 12. Bb2 c5 13. Qc2 h6 14. e4 cxd4 15. e5 Bc5 16. exf6 Qxf6 17. Rad1 a5 18. Nxd4 1-0


[Site "https://www.chess.com"]

[Event "Titled Tuesday Blitz September 27 Early 2022"]
[White "Kukreja, Sankalp"]
[Black "Rottenwohrer Suarez, Juan"]
[WhiteFideId "45027676"]
[BlackFideId "32068182"]
[WhiteElo "2004"]
[BlackElo "2132"]
[Result "1/2-1/2"]
[Round "04"]
[TimeControl "180+1"]
[Date "2022.09.27"]
[WhiteClock "0:00:16"]
[BlackClock "0:00:05"]

1. e4 c5 2. Nf3 g6 3. d4 cxd4 4. Nxd4 Nc6 5. c4 Nf6 6. Nc3 d6 7. Be3 Ng4 8. Nxc6 bxc6 9. Bf4 Bg7 10. c5 Rb8 11. Qc2 Qa5 12. Rc1 Qxc5 13. h3 Ne5 14. Be3 Qa5 15. Be2 O-O 16. O-O Ba6 17. f4 Nc4 18. Bxc4 Bxc4 19. Rf2 Rb7 20. f5 Rfb8 21. b3 Ba6 22. Bd2 Qc5 23. Ne2 Qxc2 24. Rxc2 c5 25. Bc3 Bd3 26. Rd2 Bxe2 27. Bxg7 Kxg7 28. f6+ exf6 29. Rfxe2 Rd7 30. Rd5 Re8 31. Kf2 Rde7 32. Kf3 Re6 33. Red2 f5 34. exf5 Re3+ 35. Kf2 gxf5 36. Rxd6 Rc3 37. R6d3 Rxd3 38. Rxd3 Rc8 39. Rc3 Kf6 40. Rc4 Ke5 41. Kf3 Kd5 42. Rf4 Ke5 43. Rh4 Rd8 44. Rxh7 Rd2 45. Rxf7 Rxa2 46. g4 fxg4+ 47. Kxg4 Ra3 48. Rf5+ Ke6 49. Rf3 a5 50. h4 a4 51. bxa4 Rxa4+ 52. Kg5 c4 53. h5 Ra5+ 54. Kg6 Ra1 55. Rg3 Rh1 56. h6 Kd5 57. h7 Kd4 58. Kg7 c3 59. Rg6 Rxh7+ 60. Kxh7 c2 61. Rc6 Kd3 62. Kg6 Kd2 63. Rxc2+ Kxc2 1/2-1/2


[Site "https://www.chess.com"]

[Event "Titled Tuesday Blitz September 27 Early 2022"]
[White "Kukula, Pawel"]
[Black "Pinero Rodriguez, Carlos Jose"]
[WhiteFideId "1115081"]
[BlackFideId "3901726"]
[WhiteElo "2062"]
[BlackElo "2053"]
[Result "1-0"]
[Round "04"]
[TimeControl "180+1"]
[Date "2022.09.27"]
[WhiteClock "0:00:47"]
[BlackClock "0:01:21"]

1. c4 Nf6 2. Nc3 e6 3. d4 Bb4 4. Qc2 O-O 5. Nf3 c5 6. a3 Bxc3+ 7. Qxc3 cxd4 8. Nxd4 d5 9. e3 Nc6 10. cxd5 Nxd4 11. Qxd4 Qxd5 12. Qxd5 Nxd5 13. Bd2 Bd7 14. Rc1 Rfc8 15. Bd3 Rxc1+ 16. Bxc1 Rc8 17. Ke2 a6 18. Bd2 Bb5 19. e4 Nb6 20. Bxb5 axb5 21. Kd3 Kf8 22. Bc3 f6 23. Bd4 Nc4 24. Ra1 e5 25. Bc3 Ke7 26. a4 Ra8 27. b3 Nd6 28. a5 Ke6 29. Bb4 Rd8 30. Ke3 f5 31. f3 g6 32. a6 b6 33. Bxd6 Rxd6 34. a7 1-0


[Site "https://www.chess.com"]

[Event "Titled Tuesday Blitz September 27 Early 2022"]
[White "Kvaloy, Aksel Bu"]
[Black "Tarnowska, Aleksandra"]
[WhiteFideId "1528815"]
[BlackFideId "1180967"]
[WhiteElo "1998"]
[BlackElo "1700"]
[Result "1-0"]
[Round "04"]
[TimeControl "180+1"]
[Date "2022.09.27"]
[WhiteClock "0:02:29"]
[BlackClock "0:00:03"]

1. e4 c5 2. Nf3 e6 3. d4 cxd4 4. Nxd4 a6 5. c4 Nf6 6. Nc3 Bb4 7. Qd3 Qc7 8. a3 Bxc3+ 9. Qxc3 Nxe4 10. Nb5 axb5 11. Qxg7 Rf8 12. Bh6 Qc5 13. b4 Qxf2+ 14. Kd1 Nc3+ 15. Qxc3 Rg8 16. cxb5 Qf5 17. Qxc8+ Ke7 18. Qxg8 Qh5+ 19. Be2 Qxh6 20. Rf1 Qg6 21. Qxg6 hxg6 22. Bf3 1-0


[Site "https://www.chess.com"]

[Event "Titled Tuesday Blitz September 27 Early 2022"]
[White "Kvon, Andrey"]
[Black "Murtazin, Ruslan"]
[WhiteFideId "14201356"]
[BlackFideId "24175960"]
[WhiteElo "2458"]
[BlackElo "2212"]
[Result "1-0"]
[Round "04"]
[TimeControl "180+1"]
[Date "2022.09.27"]
[WhiteClock "0:00:35"]
[BlackClock "0:00:03"]

1. d4 Nf6 2. c4 c5 3. Nf3 cxd4 4. Nxd4 Nc6 5. Nc3 g6 6. g3 Bg7 7. Nc2 O-O 8. Bg2 d6 9. O-O Be6 10. Ne3 Nd7 11. Bd2 Rc8 12. Rc1 a6 13. b3 Nc5 14. Ncd5 b5 15. Bc3 Bxc3 16. Rxc3 bxc4 17. Rxc4 Ne5 18. Rh4 Bxd5 19. Nxd5 e6 20. Qd2 exd5 21. Qh6 Re8 22. f4 Ned7 23. Qxh7+ Kf8 24. f5 g5 25. f6 Nxf6 26. Qh8+ Ng8 27. Rh7 Re7 28. Qg7+ Ke8 29. Bh3 Ne6 30. Bxe6 fxe6 31. Rf8+ Kd7 32. Rxd8+ Rxd8 33. Qg6 Rc8 34. Rxe7+ Nxe7 35. Qxg5 Rc2 36. Kf1 d4 37. h4 Nf5 38. g4 Ng3+ 39. Kf2 Nxe2 40. Qg7+ Kc6 41. Qg6 1-0


[Site "https://www.chess.com"]

[Event "Titled Tuesday Blitz September 27 Early 2022"]
[White "Lewtak, Damian"]
[Black "Pultinevicius, Paulius"]
[WhiteFideId "1141724"]
[BlackFideId "12809390"]
[WhiteElo "2329"]
[BlackElo "2472"]
[Result "0-1"]
[Round "04"]
[TimeControl "180+1"]
[Date "2022.09.27"]
[WhiteClock "0:00:07"]
[BlackClock "0:00:21"]

1. d4 d5 2. Nf3 e6 3. g3 Nf6 4. Bg2 b5 5. O-O Be7 6. a4 b4 7. c4 bxc3 8. bxc3 O-O 9. c4 dxc4 10. Ne5 Nd5 11. Nxc4 Ba6 12. Qc2 Nc6 13. Rd1 Ncb4 14. Qb3 Rb8 15. Nba3 Nc6 16. Qf3 Rb4 17. Ne5 Nxd4 18. Rxd4 Rxd4 19. Bb2 Rxa4 20. Rd1 Qb8 21. Bc1 Bxa3 22. Bxa3 Bxe2 23. Qxe2 Rxa3 24. Nd7 Nc3 25. Qd3 Qb5 26. Qd2 Nxd1 27. Nxf8 Ra1 28. h4 Ne3+ 29. Kh2 Nf1+ 30. Kh3 Nxd2 0-1


[Site "https://www.chess.com"]

[Event "Titled Tuesday Blitz September 27 Early 2022"]
[White "Lorenzo De La Riva, Lazaro"]
[Black "Broca Jimenez, Fernando"]
[WhiteFideId "2268809"]
[BlackFideId "5104742"]
[WhiteElo "2325"]
[BlackElo "2062"]
[Result "1-0"]
[Round "04"]
[TimeControl "180+1"]
[Date "2022.09.27"]
[WhiteClock "0:01:14"]
[BlackClock "0:00:24"]

1. e4 c5 2. Nf3 g6 3. d4 cxd4 4. Qxd4 Nf6 5. e5 Nc6 6. Qa4 Nd5 7. Qe4 Nb6 8. Nc3 d5 9. exd6 Bf5 10. Qe2 Bg7 11. dxe7 Nxe7 12. Bg5 f6 13. Bd2 O-O 14. O-O-O Qc7 15. Nd4 Rfe8 16. Ne6 Qc6 17. Nxg7 Kxg7 18. Qb5 Qc7 19. g3 a6 20. Qb3 Bg4 21. Bf4 Qc6 22. Be2 Bxe2 23. Nxe2 Rad8 24. f3 Nf5 25. g4 Rxd1+ 26. Rxd1 Rxe2 27. gxf5 Nd5 28. Rxd5 Rxc2+ 29. Qxc2 Qxd5 30. Qc7+ Qf7 31. Qxf7+ Kxf7 32. fxg6+ hxg6 33. h4 g5 34. hxg5 fxg5 35. Bxg5 Ke6 36. f4 Kf5 37. Kc2 1-0


[Site "https://www.chess.com"]

[Event "Titled Tuesday Blitz September 27 Early 2022"]
[White "Luxama, Jacques Muller"]
[Black "Heinemann, Josefine"]
[WhiteFideId "11900113"]
[BlackFideId "12900460"]
[WhiteElo "1931"]
[BlackElo "2300"]
[Result "0-1"]
[Round "04"]
[TimeControl "180+1"]
[Date "2022.09.27"]
[WhiteClock "0:00:05"]
[BlackClock "0:00:45"]

1. e4 c6 2. d4 d5 3. e5 Bf5 4. h4 h5 5. Bd3 Bxd3 6. Qxd3 e6 7. Nf3 Qa5+ 8. c3 Qa6 9. Qxa6 Nxa6 10. b4 Nc7 11. a4 a5 12. Bd2 Nh6 13. Ke2 Nf5 14. Rc1 Be7 15. g3 Kd7 16. Rc2 Ra7 17. Rb2 axb4 18. cxb4 Rha8 19. Rba2 Nb5 20. Kd3 f6 21. Nc3 Nc7 22. Ne2 Na6 23. b5 cxb5 24. axb5 Nb4+ 25. Bxb4 Rxa2 26. Rxa2 Rxa2 27. Bxe7 Kxe7 28. exf6+ gxf6 29. Nd2 e5 30. dxe5 fxe5 31. Nb3 b6 32. Nd2 e4+ 33. Kc3 d4+ 34. Nxd4 Nxd4 35. Kxd4 Rxd2+ 36. Kxe4 Rxf2 0-1


[Site "https://www.chess.com"]

[Event "Titled Tuesday Blitz September 27 Early 2022"]
[White "Makhnev, Denis"]
[Black "Priasmoro, Novendra"]
[WhiteFideId "13707647"]
[BlackFideId "7105029"]
[WhiteElo "2486"]
[BlackElo "2309"]
[Result "1-0"]
[Round "04"]
[TimeControl "180+1"]
[Date "2022.09.27"]
[WhiteClock "0:00:16"]
[BlackClock "0:00:02"]

1. d4 Nf6 2. c4 g6 3. g3 Bg7 4. Bg2 O-O 5. Nc3 d6 6. Nf3 Nc6 7. O-O e5 8. dxe5 dxe5 9. Bg5 Be6 10. Qc1 Qc8 11. Rd1 Nd7 12. Nd5 Re8 13. Bh6 f6 14. Bxg7 Kxg7 15. Qc3 Nd8 16. b4 Nf7 17. c5 c6 18. Ne3 Nf8 19. Nc4 Rd8 20. Rd2 Rxd2 21. Nfxd2 Bd5 22. Ne4 Qe6 23. Ned6 Bxg2 24. Kxg2 b5 25. Nxf7 bxc4 26. Nd6 a5 27. a3 axb4 28. axb4 Rxa1 29. Qxa1 Qd5+ 30. e4 Qe6 31. Qc3 Qd7 32. Qxc4 Ne6 33. b5 cxb5 34. Qd5 Qe7 35. c6 b4 36. Nc8 Qe8 37. Na7 Kh6 38. Qd2+ Kg7 39. Qxb4 Qf7 40. Qb7 Qc7 41. Nb5 Qd7 42. Qxd7+ 1-0


[Site "https://www.chess.com"]

[Event "Titled Tuesday Blitz September 27 Early 2022"]
[White "Maksimenko, Viktor"]
[Black "Urazayev, Arystanbek"]
[WhiteFideId "13710478"]
[BlackFideId "13709810"]
[WhiteElo "2269"]
[BlackElo "2441"]
[Result "0-1"]
[Round "04"]
[TimeControl "180+1"]
[Date "2022.09.27"]
[WhiteClock "0:00:04"]
[BlackClock "0:00:14"]

1. d4 Nf6 2. c4 g6 3. Nc3 Bg7 4. e4 d6 5. h3 Nbd7 6. Nf3 e5 7. d5 Nc5 8. Qc2 a5 9. Be3 b6 10. g4 Bd7 11. Nd2 h5 12. g5 Nh7 13. h4 f6 14. Rg1 fxg5 15. hxg5 O-O 16. O-O-O Rf4 17. Ne2 Qf8 18. f3 Rh4 19. Rg2 Ba4 20. b3 Bd7 21. Nc3 Na6 22. Be2 a4 23. Kb2 Nb4 24. Qb1 axb3 25. Nxb3 Na6 26. Ka1 Rf4 27. Qc2 Qb8 28. Rb1 Rf8 29. Nc1 Qe8 30. Nd3 Qf7 31. Rgg1 Ra7 32. Rb2 Rfa8 33. Kb1 Nf8 34. Kc1 Be8 35. Kd2 Nd7 36. Na4 Ndb8 37. Ke1 Bxa4 38. Qxa4 Nc5 39. Qc2 Nxd3+ 40. Qxd3 Rxa2 41. Rxa2 Rxa2 42. Kf2 Nd7 43. Qb3 Ra8 44. Kg2 Bf8 45. Qb2 Be7 46. Ra1 Rf8 47. Qd2 Nc5 48. Ra7 Bd8 49. Ra8 Qd7 50. Bf1 Nb3 51. Qd3 Nd4 52. Bxd4 exd4 53. Qxd4 Qf7 54. Qe3 Kh7 55. Kg3 h4+ 56. Kg4 Qd7+ 57. Kxh4 Bxg5+ 58. Qxg5 Rxa8 59. Bh3 Qd8 60. Be6 Qxg5+ 61. Kxg5 Kg7 62. f4 Ra1 63. e5 Rg1+ 64. Kh4 g5+ 65. fxg5 dxe5 66. Bf5 Rc1 67. Bd3 Rc3 68. Bf1 Rf3 69. Be2 Re3 70. Bf1 e4 71. Kg4 Rf3 72. Be2 Rf2 73. Bd1 e3 74. Kg3 e2 0-1


[Site "https://www.chess.com"]